 Dungeon Crawl Stone Soup version 0.21.1-1-g345015fe64 (webtiles) character file.

154 Faustar the Grave Robber (level 5, -1/35 HPs)
             Began as a Mummy Necromancer on June 9, 2018.
             Slain by Grinder (5 damage)
             ... on level 4 of the Dungeon.
             The game lasted 00:08:52 (3677 turns).

Faustar the Grave Robber (Mummy Necromancer)        Turns: 3677, Time: 00:08:52

Health: -1/35      AC:  2    Str: 11    XL:     5   Next: 13%
Magic:  9/9        EV: 12    Int: 15    God:
Gold:   89         SH:  0    Dex: 13    Spells: 3/9 levels left

rFire    x . .     SeeInvis +   p - +1 long sword
rCold    + . .     Gourm    .   (no shield)
rNeg     + + +     Faith    .   a - +0 robe
rPois    ∞         Spirit   .   (no helmet)
rElec    .         Reflect  .   (no cloak)
rCorr    .         Harm     .   (no gloves)
MR       +....                  (no boots)
Stlth    ++........             n - amulet of regeneration
HPRegen  0.11/turn              h - ring of see invisible
MPRegen  0.11/turn              j - ring of protection from magic

@: no status effects
A: no food or potions, fire vulnerability, cold resistance 1, negative energy
resistance 3, torment resistance, unbreathing
a: no special abilities


You were on level 4 of the Dungeon.
You were not hungry.

You visited 1 branch of the dungeon, and saw 4 of its levels.

You collected 89 gold pieces.

Inventory:

Hand Weapons
 i - a +0 dagger
 p - a +1 long sword (weapon)
Armour
 a - a +0 robe (worn)
Jewellery
 c - an uncursed amulet of guardian spirit
 h - a ring of see invisible (left hand)
 j - a ring of protection from magic (right hand)
 m - an uncursed ring of flight {unknown}
 n - an amulet of regeneration (around neck)
 r - a +3 ring of intelligence {unknown}
 s - an uncursed ring of resist corrosion {unknown}
Scrolls
 e - a scroll of fog
 f - a scroll of remove curse
 k - a scroll of enchant weapon
 q - a scroll of identify
Books
 b - a book of Necromancy

   Spells                             Type                      Level
   a - Pain                           Necromancy                   1
   b - Animate Skeleton               Necromancy                   1
   c - Vampiric Draining              Necromancy                   3
   d - Regeneration                   Charms/Necromancy            3
   e - Animate Dead                   Necromancy                   4
   f - Borgnjor's Vile Clutch         Necromancy/Earth             5
 o - a book of Minor Magic

   Spells                             Type                      Level
   a - Magic Dart                     Conjuration                  1
   b - Blink                          Translocation                2
   c - Call Imp                       Summoning                    2
   d - Slow                           Hexes                        2
   e - Conjure Flame                  Conjuration/Fire             3
   f - Mephitic Cloud                 Conjuration/Poison/Air       3


   Skills:
 - Level 1.5 Dodging
 - Level 1.5 Stealth
 - Level 2.6 Spellcasting
 + Level 6.5 Necromancy


You had 3 spell levels left.
You knew the following spells:

 Your Spells              Type           Power        Failure   Level  Hunger
a - Pain                  Necr           ###.         1%          1    N/A
b - Animate Skeleton      Necr           N/A          1%          1    N/A
c - Animate Dead          Necr           N/A          14%         4    N/A

Dungeon Overview and Level Annotations

Branches:
Dungeon (4/15)
 Temple: D:4-7

Altars:
Kikubaaqudgha
Xom

Annotations:
D:4 Grinder


Innate Abilities, Weirdness & Mutations

You do not eat or drink.
Your flesh is vulnerable to fire.
You are immune to poison.
Your flesh is cold resistant. (rC+)
You are immune to negative energy. (rN+++)
You are immune to unholy pain and torment.
You can survive without breathing.


Message History

* * * LOW HITPOINT WARNING * * *
You closely miss Grinder.
Grinder is moderately wounded.
Grinder hits you.
* * * LOW HITPOINT WARNING * * *
Grinder gestures at you. You resist with almost no effort.
You slash Grinder!
Grinder is heavily wounded.
Grinder misses you.
You closely miss Grinder.
Grinder is heavily wounded.
Grinder gestures at you. You resist with almost no effort.
You closely miss Grinder.
Grinder is heavily wounded.
Grinder hits you.
* * * LOW HITPOINT WARNING * * *
Grinder hits you.
You die...

*****************###
,,,,,,,,,,,,,,,,,..#
*****************#.# #.#
#.#
**********########.######
,,,,,,,,,,#..§§5@§§(....#
******,,....§..#######..#
,,,,,***.....##*,,,,,##.#
,≈≈≈,,,*#...##,,,≈≈≈,,#.#
≈≈≈≈≈,,,.....,,,≈≈≈≈≈,#.##
,≈≈≈,,,##...##,,,≈≈≈,,#..#
,,,,,###.....###,,,,,##..#
**####.........#######...#
,,....................(..#


You could see Grinder (inner flame).

Vanquished Creatures
  A hound skeleton (D:4)
  5 adders
  An ooze (D:1)
  An adder skeleton (D:3)
  3 worms
  2 dart slugs (D:1)
  3 leopard geckos
  5 orcs
  A ball python (D:3)
  7 bats
  3 giant cockroaches
  7 goblins
  10 hobgoblins
  4 jackals (D:2)
  3 kobolds
  A frilled lizard (D:1)
  4 rats
61 creatures vanquished.

Vanquished Creatures (collateral kills)
  A dart slug (D:3)
  A bat (D:3)
  A kobold (D:3)
3 creatures vanquished.

Grand Total: 64 creatures vanquished

Notes
Turn   | Place    | Note
-------+----------+-------------------------------------------
     0 | D:1      | Faustar the Mummy Necromancer began the quest for the Orb.
     0 | D:1      | Reached XP level 1. HP: 13/13 MP: 4/4
   168 | D:1      | Reached XP level 2. HP: 12/19 MP: 1/5
   977 | D:1      | Reached skill level 5 in Necromancy
   977 | D:1      | Reached XP level 3. HP: 24/24 MP: 2/7
  1457 | D:2      | Learned a level 1 spell: Animate Skeleton
  1696 | D:2      | Found a shimmering altar of Xom.
  2206 | D:2      | Found an ancient bone altar of Kikubaaqudgha.
  2211 | D:2      | Reached XP level 4. HP: 30/30 MP: 4/8
  2628 | D:3      | Learned a level 4 spell: Animate Dead
  2636 | D:3      | Reached skill level 6 in Necromancy
  3123 | D:3      | Reached XP level 5. HP: 31/35 MP: 1/9
  3656 | D:4      | Noticed Grinder
  3677 | D:4      | Slain by Grinder

Skill      XL: |  1  2  3  4 |
---------------+-------------+-----
Necromancy     | 5 6 |  6.5
Dodging        | |  1.5
Stealth        | |  1.5
Spellcasting   | |  2.6

Action                   |  1- 3 |  4- 6 || total
-------------------------+-------+-------++-------
Melee: Unarmed           |    17 |       ||    17
       Dagger            |    11 |    16 ||    27
       Long sword        |       |    24 ||    24
 Cast: Pain              |    77 |    59 ||   136
       Animate Skeleton  |     2 |     6 ||     8
  Use: Scroll            |       |     7 ||     7
Armor: Robe              |    11 |    18 ||    29
Dodge: Dodged            |    35 |    40 ||    75
       Rpst.: Long sword |       |     4 ||     4
